 Dungeon Crawl Stone Soup version 0.31-a0-667-g39726597b9 (webtiles) character file.

Game seed: 17755833556919726022

384 Pooter the Ruffian (level 6, 0/59 HPs)
             Began as a Troll Shapeshifter on Sept 3, 2023.
             Slain by a killer bee (5 damage)
             ... on level 4 of the Dungeon.
             The game lasted 00:10:44 (2502 turns).

Pooter the Ruffian (Troll Shapeshifter)             Turns: 2502, Time: 00:10:45

Health: 0/59       AC:  4    Str: 25    XL:     6   Next: 47%
Magic:  5/5        EV:  9    Int:  6    God:
Gold:   203        SH:  0    Dex:  9    Spells: 5/5 levels left

rFire   . .          .
                       - Unarmed
rCold   + . .        (no shield)
rNeg    . . .        a - +0 animal skin
rPois   .            (helmet currently unavailable)
rElec   .            n - melded scarf {harm}
rCorr   .            (gloves unavailable)
SInv    .            (boots unavailable)
Will    .....        (no amulet)
Stlth   +            I - ring of protection from cold
HPRegen 1.09/turn    (no ring)
MPRegen 0.09/turn

%: no passive effects
@: lethally poisoned (0 -> -5), beast-form
A: beast (slay +2), large, unfitting armour, claws 3, regeneration 1, shaggy fur
1, tough skin 1
a: Begin Untransformation


You were on level 4 of the Dungeon.
You were a hulking beast.
You visited 1 branch of the dungeon, and saw 4 of its levels.

You collected 203 gold pieces.

Inventory:

Hand Weapons
 b - a +0 longbow
   (You found it on level 4 of the Dungeon)
 o - a +0 battleaxe
   (You found it on level 2 of the Dungeon)
 r - the +3 mace "Gashrauwn" {heavy, Fly Dex+2}
   (You found it on level 3 of the Dungeon)

   Dex+2:     It affects your dexterity (+2).
   Fly:       It grants you flight.
 u - a +0 sling
   (You found it on level 2 of the Dungeon)
Missiles
 f - a throwing net {!f}
 Q - 24 stones (quivered)
Armour
 a - a +0 animal skin (worn)
 n - a scarf of harm (melded)
   (You found it on level 2 of the Dungeon)
Jewellery
 I - a ring of protection from cold (left claw)
   (You found it on level 4 of the Dungeon)
Talismans
 c - a beast talisman (active)
 d - a flux talisman
 p - a serpent talisman
   (You found it on level 2 of the Dungeon)
Scrolls
 e - a scroll of enchant armour
 i - 3 scrolls of teleportation {unknown}
 l - a scroll of blinking
 m - a scroll of noise {!r}
 q - a scroll of immolation {unknown}
 t - a scroll of fear {unknown}
Potions
 g - a potion of brilliance {unknown}
 j - 2 potions of attraction {unknown}
 k - 2 potions of lignification {!q}
 s - a potion of heal wounds {unknown}


   Skills:
 + Level 2.5 Fighting
 * Level 0.9 Ranged Weapons
 - Level 1.5 Dodging
 * Level 5.5 Unarmed Combat
 + Level 4.1 Shapeshifting


You had 5 spell levels left.
You didn't know any spells.
Your spell library contained the following spells:

 Spells                   Type           Power      Damage    Failure   Level
 Cigotuvi's Dreadful Rot  Necr/Pois/Air  0%         N/A       58%         2
 Ignite Poison            Fire/Tmut/Pois 0%         N/A       83%         3
 Freezing Cloud           Conj/Ice/Air   0%         6-21      100%        5


Dungeon Overview and Level Annotations

Branches:
Dungeon (4/15) Zot: 21494
 Temple: D:4-7

Altars:
Kikubaaqudgha
Ru

Annotations:
D:3 2 transporters, ytrimaz's ghost, amateur OpSh


Innate Abilities, Weirdness & Mutations

You are a hulking beast.
Your limbs bulge with bestial killing power. (Slay +2)
You are too large for most types of armour.
You have claws for hands.
Your natural rate of healing is unusually fast.
You are covered in fur. (AC +1)
You have tough skin. (AC +1)


Message History

The killer bee stings you.
* * * LOW HITPOINT WARNING * * *
The killer bee stings you.
* * * LOW HITPOINT WARNING * * *
You closely miss the killer bee.
You feel very sick.
The killer bee stings you but does no damage.
The killer bee stings you.
* * * LOW HITPOINT WARNING * * *
You claw the killer bee!
You kill the killer bee!
You feel sick. The killer bee completely misses you.
Unknown command.
You closely miss the killer bee.
You feel sick.
The killer bee stings you but does no damage.
The killer bee closely misses you.
You mangle the killer bee!!
You kill the killer bee!
You feel sick.
Unknown command.
You start resting.
You feel sick. x5
A killer bee is nearby!
You are too injured to fight recklessly!
Throw: 25 stones
Press: ? - help, Q - select action, (/) - cycle Shift-Dir - straight line, f - killer bee
Aim: a killer bee (wandering, hasn't noticed you, 19% to hit)
You throw a stone. The stone barely misses the killer bee.
The killer bee buzzes angrily.
You feel sick.
You are no longer poisoned.
A killer bee comes into view.
The killer bee closely misses you. The killer bee stings you.
* * * LOW HITPOINT WARNING * * *
You are poisoned.
The killer bee poisons you!
The killer bee buzzes angrily.
You scratch the killer bee.
You feel sick.
You hear an angry buzzing noise.
A killer bee comes into view.
The killer bee stings you.
* * * LOW HITPOINT WARNING * * *
You are lethally poisoned!
The killer bee poisons you!
Unknown command.
You mangle the killer bee!!
You kill the killer bee!
* * * LOW HITPOINT WARNING * * *
You feel very sick. The killer bee stings you.
You die...

### ########.# y#
.........# y#
########'## .#
#.....# y# #.....#
.# ###.....#### .#
#.+........#####.#
#.#......#.#..hyy#
#.#......#.#.#####
#.#......#.#.#
#.#......#.#.###
#.'............#
#####......#.....#
...........#.....#
####...........#####
...................+


You could see 2 killer bees.

Vanquished Creatures
  A phantom (D:4)
  A scorpion (D:4)
  4 killer bees (D:4)
  Natasha (twice) (D:3)
  2 adders
  2 dart slugs
  7 ball pythons
  An endoplasm (D:4)
  2 giant cockroaches (D:1)
  9 goblins
  2 hobgoblins (D:1)
  A quokka (D:2)
  5 bats
  5 frilled lizards
  8 kobolds
  4 rats
56 creatures vanquished.

Notes
Turn   | Place    | Note
-------+----------+-------------------------------------------
     0 | D:1      | Pooter the Troll Shapeshifter began the quest for the Orb.
     0 | D:1      | Reached XP level 1. HP: 18/18 MP: 0/0
   130 | D:1      | Reached skill level 1 in Fighting
   208 | D:1      | Reached XP level 2. HP: 27/27 MP: 1/1
  1058 | D:2      | Reached XP level 3. HP: 33/33 MP: 2/2
  1506 | D:2      | Identified the +5 mace of Taxation {flame, Contam rC+++
                  | Will- Dex+4}
  1747 | D:3      | Found a transporter.
  1751 | D:3      | Noticed an ogre
  1754 | D:3      | Found a transporter.
  1754 | D:3      | Noticed ytrimaz's ghost (amateur OpSh)
  1755 | D:3      | Noticed an ogre
  1759 | D:3      | Noticed an ogre
  1843 | D:3      | Identified the +3 mace "Gashrauwn" {heavy, Fly Dex+2}
  1874 | D:3      | Noticed Natasha
  1880 | D:3      | Killed Natasha
  1881 | D:3      | Reached skill level 4 in Unarmed Combat
  1881 | D:3      | Reached XP level 4. HP: 42/42 MP: 3/3
  1919 | D:3      | Found a sacrificial altar of Ru.
  1931 | D:3      | Found an ancient bone altar of Kikubaaqudgha.
  2032 | D:3      | Noticed Natasha
  2039 | D:3      | Killed Natasha
  2235 | D:4      | Noticed a phantom
  2253 | D:4      | Killed a phantom
  2254 | D:4      | Reached XP level 5. HP: 46/49 MP: 4/4
  2272 | D:4      | Reached skill level 5 in Unarmed Combat
  2488 | D:4      | Reached XP level 6. HP: 51/59 MP: 5/5
  2502 | D:4      | Slain by a killer bee

Illustrated notes

Levels and vault maps discovered:
D:1:      sevenhm_arrival_forest_fort_large_4, layout_basic
D:2:      layout_basic
D:3:      layout_rooms, mainiacjoe_overflow_catwalk_spiral,
          gammafunk_ghost_smash, uniq_natasha
D:4:      layout_basic, st_stairs_6, kennysheep_pointless_box, corner_web_ring,
          minmay_ruined_shrine

Skill      XL: |  1  2  3  4  5 |
---------------+----------------+-----
Fighting       | 1 2 |  2.5
Unarmed Combat | 4 5 |  5.5
Shapeshifting  | 4 |  4.1
Ranged Weapons | |  0.9
Dodging        | |  1.5

Action                     |  1- 3 |  4- 6 || total
---------------------------+-------+-------++-------
  Melee: Unarmed           |    88 |    31 ||   119
         Punch             |     1 |       ||     1
   Fire: Sling             |    31 |    26 ||    57
         Longbow           |       |     3 ||     3
  Throw: Stone             |       |     1 ||     1
    Use: Scroll            |     5 |     1 ||     6
 Armour: Animal skin       |    65 |    34 ||    99
  Dodge: Dodged            |    51 |    13 ||    64
         Form:             |     1 |       ||     1
         Beast             |     1 |       ||     1

Table legend: (Time is in decaauts)
 A = Elapsed time spent in this place.
 B = Non-inter-level travel time spent in this place.
 C = Inter-level travel time spent in this place.
 D = Time resting spent in this place.
 E = Time spent auto-exploring this place.
 F = Levels seen in this place.
 G = Mean time per level.
                   A        B        C        D        E       F      G
               +--------+--------+--------+--------+--------+-----+--------+
         Total |   2504 |   2434 |     70 |    150 |   1804 |   4 |  626.0 |
       Dungeon |   2504 |   2434 |     70 |    150 |   1804 |   4 |  626.0 |
               +--------+--------+--------+--------+--------+-----+--------+

Top non-repeatable levels by time:
     D:1: 889 daAuts
     D:2: 773 daAuts
     D:3: 570 daAuts
     D:4: 271 daAuts
